Map: Alcyone LE

Players

Applepi - Winner!

  • Race: Zerg Zerg
  • League: Silver
  • Spawn Location: 1:00

A.I. 1 (Hard)

  • Race: Terran Terran
  • Spawn Location: 7:00

VOD

Have the link to the VOD?

Description

Time

  • Played on: May 12, 2025, 1:39 p.m.
  • Length: 11:37
Show
View Real Time Build Order
Export as new Build Order

Applepi Zerg - Winner!

Build Orders: Pool First 

Get SALT Encoding   

  12  0:05  Drone  
  13  0:13  Overlord  
  13  0:18  Drone  
  14  0:32  Drone  
  14  0:35  Drone  
  16  0:50  Drone x2  
  16  0:55  Extractor  
  17  0:58  Spawning Pool  
  17  1:03  Drone  
  17  1:12  Overlord  
  17  1:22  Drone  
  18  1:32  Hatchery  
  17  1:35  Drone  
  18  1:46  Drone  
  19  1:47  Queen  
  21  2:08  Zergling x2  
  21  2:09  Zergling x2  
  24  2:15  Drone  
  24  2:21  Metabolic Boost  
  24  2:23  Queen  
  26  2:33  Drone  
  27  2:41  Drone  
  28  2:49  Drone x2  
  30  2:57  Drone  
  31  3:04  Overlord x3  
  31  3:08  Drone  
  32  3:14  Queen  
  34  3:22  Lair  
  34  3:28  Evolution Chamber  
  33  3:36  Drone x2  
  33  3:37  Roach Warren  
  34  3:43  Drone x3  
  34  3:45  Drone  
  38  3:50  Queen  
  41  3:55  Drone  
  41  3:56  Drone x2  
  43  4:12  Drone x2  
  45  4:18  Roach  
  45  4:19  Roach x4  
  55  4:24  Zerg Missile Weapons Level 1  
  55  4:47  Overlord  
  55  4:48  Overlord  
  55  4:51  Roach  
  57  4:53  Zergling x4  
  57  4:54  Zergling x2  
  60  5:08  Roach  
  60  5:09  Roach  
  60  5:11  Zergling x8  
  68  5:22  Zergling x2  
  68  5:23  Zergling x6  
  72  5:34  Overlord x2  
  72  5:48  Roach  
  72  5:49  Roach  
  76  5:58  Glial Reconstitution  
  76  6:02  Zergling x18  
  85  6:15  Zergling x2  
  85  6:16  Zergling x6  
  89  6:18  Zerg Melee Weapons Level 1  
  89  6:24  Drone x3  
  92  6:34  Overlord x2  
  80  6:57  Hatchery  
  80  6:58  Drone x8  
  81  7:08  Roach x5  
  85  7:19  Zergling x2  
  85  7:24  Zergling x8  
  88  7:33  Zergling x10  
  89  7:47  Zergling x4  
  91  7:54  Roach x3  
  97  8:03  Roach  
  97  8:04  Roach x4  
  107  8:10  Queen  
  109  8:13  Overlord x2  
  109  8:21  Roach x2  
  111  8:29  Zergling x6  
  114  8:35  Roach  
  114  8:36  Roach  
  114  8:37  Zergling x8  
  122  8:45  Queen  
  124  8:55  Roach x2  
Show
View Real Time Build Order
Export as new Build Order

A.I. 1 (Hard) Terran 

Build Orders:  

Get SALT Encoding   

  12  0:00  SCV  
  13  0:13  SCV  
  14  0:18  Supply Depot  
  14  0:25  SCV  
  15  0:40  SCV  
  15  0:42  Barracks  
  16  0:49  Refinery  
  16  0:52  SCV  
  18  1:04  SCV  
  18  1:16  SCV  
  19  1:21  Supply Depot  
  19  1:28  Orbital Command  
  19  1:29  Marine  
  20  1:40  Barracks  
  20  1:47  Marine  
  20  1:50  Refinery  
  20  1:54  SCV  
  22  1:58  Factory  
  22  2:06  Barracks Tech Lab  
  22  2:17  Supply Depot  
  22  2:24  Marine  
  23  2:42  Marauder  
  25  2:47  Marine  
  25  2:50  Supply Depot  
  26  3:03  Marine  
  27  3:08  Marine  
  28  3:21  Marauder  
  28  3:23  Supply Depot  
  30  3:30  Hellion  
  30  3:32  SCV  
  33  3:44  SCV  
  33  3:45  Engineering Bay  
  34  3:52  Hellion  
  36  3:56  SCV  
  37  4:08  SCV  
  38  4:13  Hellion  
  38  4:15  Supply Depot  
  40  4:20  SCV  
  41  4:33  SCV  
  41  4:35  Hellion  
  44  4:56  Hellion  
  46  5:17  Hellion  
  48  5:39  Hellion  
  50  6:33  Barracks Tech Lab  
  50  6:34  Factory, Terran Infantry Weapons Level 1, Stimpack, Marine  
  50  6:35  Factory Tech Lab  
  50  6:37  Starport  
  51  6:40  Starport  
  51  6:41  Missile Turret  
  51  6:42  Command Center  
  51  6:43  Missile Turret  
  51  6:45  Supply Depot  
  51  6:48  Barracks  
  51  6:51  Combat Shield  
  51  6:52  Marine  
  48  6:55  Cyclone  
  35  7:02  Marine  
  35  7:04  Bunker  
  32  7:10  Marine  
  32  7:15  Starport Tech Lab  
  31  7:18  Factory Tech Lab, Sensor Tower  
  31  7:19  Starport Tech Lab  
  31  7:20  Marine  
  31  7:28  Marine  
  25  7:36  Raven  
  22  7:37  Raven  
  22  7:38  Marauder  
  19  7:46  SCV, Marine  
  19  7:50  Siege Tank  
  17  7:53  SCV  
  16  7:58  Siege Tank  
  16  8:00  SCV  
  17  8:05  SCV  
  17  8:06  Marine  
  16  8:12  SCV  
  16  8:14  Marauder  
  16  8:20  Refinery  
  16  8:24  Marine  
  16  8:25  SCV  
  11  8:35  Marine  
Tags
 
League
Silver
Matchup
TvZ
Opening
Pool First
Spawn Locations
Cross Positions
Add a new tag
Caveats
  • Supply blocks, unpowered buildings, or Contaminate may cause inaccurate times.
  • Supply counts are checked every 10 seconds.